TOP OF THE 1ST |
University of California Golden Bears batting - Pitching for Ohio State University Buckeyes : RHP Ben Fekete
|
Pitching: RHP Ben Fekete
|
|
Batting: LHB Luis Orellana
|
0-0: Swinging Strike 0-1: SOLO HOME RUN (Line Drive, 7LD, EV 99.4 MPH), Distance : 379 ft
|
Batting: LHB Mario Molina
|
0-0: Called Strike 0-1: Ball 1-1: SINGLE (Line Drive, 4D, EV 96.2 MPH)
|
Batting: LHB Carlos Gaona
|
0-0: Ball 1-0: Foul Ball, location: 2F 1-1: Swinging Strike 1-2: Foul Ball, location: 2F 1-2: Grounds into double play, 4-6-3 (Groundball, 34, EV 88.8 MPH)
|
Batting: RHB Nate Mahon
|
0-0: Called Strike 0-1: Ball 1-1: Ground out 5-3 (Groundball, 56S, EV 82.5 MPH)
|
Top of the 1st over - 1 run, 2 hits, 0 errors, 0 left on base; University of California 1 - Ohio State University 0 |
BOTTOM OF THE 1ST |
Ohio State University Buckeyes batting - Pitching for University of California Golden Bears : RHP Brian Williams
|
Pitching: RHP Brian Williams
|
|
Batting: RHB Mike Tarantino
|
0-0: Called Strike 0-1: Swinging Strike 0-2: Strikes out swinging
|
Batting: RHB Jacob Carrano
|
0-0: Ball 1-0: Ground out 6-3 (Groundball, 6, EV 87.5 MPH)
|
Batting: LHB Tony Abascal
|
0-0: Swinging Strike 0-1: Ball 1-1: Ball 2-1: Swinging Strike 2-2: Ground out 4-3 (Groundball, 34S, EV 73.1 MPH)
|
Bottom of the 1st over - 0 runs, 0 hits, 0 errors, 0 left on base; University of California 1 - Ohio State University 0 |
TOP OF THE 2ND |
University of California Golden Bears batting - Pitching for Ohio State University Buckeyes : RHP Ben Fekete
|
Batting: SHB Nick Jansen
|
0-0: Fly out, F7 (Line Drive, 78M, EV 88.1 MPH)
|
Batting: RHB Jason Béllanger
|
0-0: Ball 1-0: Swinging Strike 1-1: Swinging Strike 1-2: Strikes out looking
|
Batting: RHB Mike Wilson
|
0-0: Ball 1-0: Fly out, F8 (Flyball, 8RS, EV 77.5 MPH)
|
Top of the 2nd over - 0 runs, 0 hits, 0 errors, 0 left on base; University of California 1 - Ohio State University 0 |
BOTTOM OF THE 2ND |
Ohio State University Buckeyes batting - Pitching for University of California Golden Bears : RHP Brian Williams
|
Batting: RHB Tristan Gimple
|
0-0: DOUBLE (Flyball, 8LXD, EV 101.2 MPH)
|
Pinch Runner at 2nd Masatoshi Mori:
|
|
Batting: LHB Anthony Ross
|
0-0: Swinging Strike 0-1: Called Strike 0-2: Fly out, F3 (Line Drive, 3L, EV 70.6 MPH)
|
Batting: LHB Ben Callaway
|
0-0: SINGLE (Groundball, 3D, EV 96.2 MPH) Masatoshi Mori to third
|
Batting: RHB Bo Wu
|
0-0: Ball 1-0: Ball 2-0: Swinging Strike 2-1: Grounds into double play, 4-6-3 (Groundball, 4, EV 83.1 MPH)
|
Bottom of the 2nd over - 0 runs, 2 hits, 0 errors, 1 left on base; University of California 1 - Ohio State University 0 |
TOP OF THE 3RD |
University of California Golden Bears batting - Pitching for Ohio State University Buckeyes : RHP Ben Fekete
|
Now at 1B: Masatoshi Mori
|
|
Batting: RHB Juan Debayle
|
0-0: Ball 1-0: Called Strike 1-1: Foul Ball, location: 2F 1-2: SINGLE (Groundball, 56S, EV 70.6 MPH) (infield hit)
|
Batting: RHB Jake Ralston
|
0-0: Ball 1-0: Called Strike 1-1: Foul Ball, location: 2F 1-2: Ball 2-2: SINGLE (Groundball, 4D, EV 109.4 MPH) Juan Debayle to second Runner from 2nd tries for 3rd, SAFE, no throw by RF
|
Batting: LHB Luis Orellana
|
0-0: Ball 1-0: Called Strike 1-1: Ball 2-1: Foul Ball, location: 2F 2-2: Grounds into double play, 4-6-3 (Groundball, 4, EV 106.2 MPH) Juan Debayle scores
|
Batting: LHB Mario Molina
|
0-0: Ball 1-0: SINGLE (Line Drive, 4D, EV 94.4 MPH)
|
Batting: LHB Carlos Gaona
|
0-0: SINGLE (Line Drive, 89M, EV 100.0 MPH) Mario Molina to second Runner from 2nd tries for 3rd, SAFE, throw by CF made to third
|
Batting: RHB Nate Mahon
|
0-0: Ball 1-0: Swinging Strike 1-1: Foul Ball, location: 2F 1-2: Ball 2-2: Fly out, F9 (Line Drive, 9, EV 95.6 MPH)
|
Top of the 3rd over - 1 run, 4 hits, 0 errors, 2 left on base; University of California 2 - Ohio State University 0 |
BOTTOM OF THE 3RD |
Ohio State University Buckeyes batting - Pitching for University of California Golden Bears : RHP Brian Williams
|
Batting: LHB Adam Simpson
|
0-0: Foul Ball, location: 2F 0-1: Foul Ball, location: 2F 0-2: Ball 1-2: Ball 2-2: Ball 3-2: Foul Ball, location: 2F 3-2: Fly out, F8 (Flyball, 8RM, EV 94.4 MPH)
|
Batting: LHB John King
|
0-0: Swinging Strike 0-1: Ball 1-1: Ball 2-1: Foul Ball, location: 2F 2-2: Strikes out swinging
|
Batting: RHB Mike Tarantino
|
0-0: Ball 1-0: Ball 2-0: Called Strike 2-1: Foul Ball, location: 2F 2-2: Ball 3-2: Strikes out swinging
|
Bottom of the 3rd over - 0 runs, 0 hits, 0 errors, 0 left on base; University of California 2 - Ohio State University 0 |
TOP OF THE 4TH |
University of California Golden Bears batting - Pitching for Ohio State University Buckeyes : RHP Ben Fekete
|
Batting: SHB Nick Jansen
|
0-0: Called Strike 0-1: SINGLE (Line Drive, 7LM, EV 104.4 MPH)
|
Batting: RHB Jason Béllanger
|
0-0: Called Strike 0-1: Foul Ball, location: 2F 0-2: Foul Ball, location: 2F 0-2: Strikes out looking
|
Batting: RHB Mike Wilson
|
0-0: Called Strike 0-1: Grounds into double play, 5-4-3 (Groundball, 5, EV 103.1 MPH)
|
Top of the 4th over - 0 runs, 1 hit, 0 errors, 0 left on base; University of California 2 - Ohio State University 0 |
BOTTOM OF THE 4TH |
Ohio State University Buckeyes batting - Pitching for University of California Golden Bears : RHP Brian Williams
|
Batting: RHB Jacob Carrano
|
0-0: Fly out, F8 (Flyball, 8RXD, EV 94.4 MPH)
|
Batting: LHB Tony Abascal
|
0-0: Foul Ball, location: 2F 0-1: Fly out, F7 (Flyball, 7, EV 92.5 MPH)
|
Batting: RHB Masatoshi Mori
|
0-0: Ball 1-0: Fly out, F4 (Line Drive, 4M, EV 71.2 MPH)
|
Bottom of the 4th over - 0 runs, 0 hits, 0 errors, 0 left on base; University of California 2 - Ohio State University 0 |
TOP OF THE 5TH |
University of California Golden Bears batting - Pitching for Ohio State University Buckeyes : RHP Ben Fekete
|
Batting: RHB Juan Debayle
|
0-0: Fly out, F8 (Line Drive, 8LD, EV 88.1 MPH)
|
Batting: RHB Jake Ralston
|
0-0: Ball 1-0: Foul Ball, location: 2F 1-1: Ball 2-1: Ball 3-1: Fly out, F4 (Popup, 34S, EV 75.6 MPH)
|
Batting: LHB Luis Orellana
|
0-0: Fly out, F8 (Line Drive, 89D, EV 95.0 MPH)
|
Top of the 5th over - 0 runs, 0 hits, 0 errors, 0 left on base; University of California 2 - Ohio State University 0 |
BOTTOM OF THE 5TH |
Ohio State University Buckeyes batting - Pitching for University of California Golden Bears : RHP Brian Williams
|
Batting: LHB Anthony Ross
|
0-0: Ball 1-0: Called Strike 1-1: Ball 2-1: Swinging Strike 2-2: Strikes out swinging
|
Batting: LHB Ben Callaway
|
0-0: Ball 1-0: Called Strike 1-1: Ball 2-1: Ball 3-1: Swinging Strike 3-2: Ground out 6-3 (Groundball, 6, EV 82.5 MPH)
|
Batting: RHB Bo Wu
|
0-0: Called Strike 0-1: Ball 1-1: Called Strike 1-2: Ball 2-2: Fly out, F6 (Popup, 6M, EV 66.2 MPH)
|
Bottom of the 5th over - 0 runs, 0 hits, 0 errors, 0 left on base; University of California 2 - Ohio State University 0 |
TOP OF THE 6TH |
University of California Golden Bears batting - Pitching for Ohio State University Buckeyes : RHP Ben Fekete
|
Batting: LHB Mario Molina
|
0-0: Fly out, F8 (Flyball, 78S, EV 96.2 MPH)
|
Batting: LHB Carlos Gaona
|
0-0: Foul Ball, location: 2F 0-1: Ball 1-1: SOLO HOME RUN (Line Drive, 89XD, EV 111.9 MPH), Distance : 435 ft
|
Batting: RHB Nate Mahon
|
0-0: Swinging Strike 0-1: Foul Ball, location: 2F 0-2: Ball 1-2: Strikes out looking
|
Batting: SHB Nick Jansen
|
0-0: Called Strike 0-1: Foul Ball, location: 2F 0-2: Strikes out looking
|
Top of the 6th over - 1 run, 1 hit, 0 errors, 0 left on base; University of California 3 - Ohio State University 0 |
BOTTOM OF THE 6TH |
Ohio State University Buckeyes batting - Pitching for University of California Golden Bears : RHP Brian Williams
|
Batting: LHB Adam Simpson
|
0-0: Ball 1-0: Ball 2-0: Called Strike 2-1: Ball 3-1: Fly out, F7 (Line Drive, 7D, EV 97.5 MPH)
|
Batting: LHB John King
|
0-0: Ball 1-0: Foul Ball, location: 2F 1-1: Fly out, F8 (Flyball, 8LD, EV 93.8 MPH)
|
Batting: RHB Mike Tarantino
|
0-0: Foul Ball, location: 2F 0-1: Ground out 5-3 (Groundball, 56, EV 107.5 MPH)
|
Bottom of the 6th over - 0 runs, 0 hits, 0 errors, 0 left on base; University of California 3 - Ohio State University 0 |
TOP OF THE 7TH |
University of California Golden Bears batting - Pitching for Ohio State University Buckeyes : RHP Ben Fekete
|
Batting: RHB Jason Béllanger
|
0-0: Called Strike 0-1: Foul Ball, location: 2F 0-2: Ball 1-2: Ball 2-2: Ground out 6-3 (Groundball, 6M, EV 88.8 MPH)
|
Batting: RHB Mike Wilson
|
0-0: Swinging Strike 0-1: Reached on error, E6 (Groundball, 6MS, EV 88.1 MPH)
|
Batting: RHB Juan Debayle
|
0-0: Ball 1-0: Swinging Strike 1-1: Ball Mike Wilson steals 3rd base 2-1: Foul Ball, location: 2F 2-2: Strikes out swinging
|
Batting: RHB Jake Ralston
|
0-0: Ball 1-0: Called Strike 1-1: Ball 2-1: Foul Ball, location: 2F 2-2: Ground out 5-3 (Groundball, 56S, EV 69.4 MPH)
|
Top of the 7th over - 0 runs, 0 hits, 1 error, 1 left on base; University of California 3 - Ohio State University 0 |
BOTTOM OF THE 7TH |
Ohio State University Buckeyes batting - Pitching for University of California Golden Bears : RHP Brian Williams
|
Batting: RHB Jacob Carrano
|
0-0: Ball 1-0: Ground out 6-3 (Groundball, 6, EV 103.8 MPH)
|
Batting: LHB Tony Abascal
|
0-0: Ball 1-0: Ball 2-0: Foul Ball, location: 2F 2-1: Fly out, F8 (Flyball, 89D, EV 103.1 MPH)
|
Batting: RHB Masatoshi Mori
|
0-0: Foul Ball, location: 2F 0-1: Foul Ball, location: 2F 0-2: Ball 1-2: Foul Ball, location: 2F 1-2: Fly out, F7 (Line Drive, 7, EV 105.0 MPH)
|
Bottom of the 7th over - 0 runs, 0 hits, 0 errors, 0 left on base; University of California 3 - Ohio State University 0 |
TOP OF THE 8TH |
University of California Golden Bears batting - Pitching for Ohio State University Buckeyes : RHP Ben Fekete
|
Pitching: RHP Rodolfo Lrio
|
|
Batting: LHB Luis Orellana
|
0-0: Ball 1-0: Ball 2-0: Foul Ball, location: 2F 2-1: Called Strike 2-2: Strikes out swinging
|
Batting: LHB Mario Molina
|
0-0: Ground out 6-3 (Groundball, 6, EV 76.9 MPH)
|
Batting: LHB Carlos Gaona
|
0-0: Called Strike 0-1: Foul Ball, location: 2F 0-2: Ball 1-2: Strikes out swinging
|
Top of the 8th over - 0 runs, 0 hits, 0 errors, 0 left on base; University of California 3 - Ohio State University 0 |
BOTTOM OF THE 8TH |
Ohio State University Buckeyes batting - Pitching for University of California Golden Bears : RHP Brian Williams
|
Batting: LHB Anthony Ross
|
0-0: Ball 1-0: Foul Ball, location: 2F 1-1: Ball 2-1: Swinging Strike 2-2: Fly out, F8 (Flyball, 8LM, EV 82.5 MPH)
|
Pitching: LHP Adam Gavel
|
|
Batting: LHB Ben Callaway
|
0-0: Ball 1-0: Ball 2-0: Ball 3-0: Called Strike 3-1: Base on Balls
|
Pitching: RHP Howie Abrams
|
|
Batting: RHB Bo Wu
|
0-0: Called Strike 0-1: Foul Ball, location: 2F 0-2: DOUBLE (Groundball, 3D, EV 94.4 MPH) Ben Callaway to third
|
Pitching: LHP Dave Coleman
|
|
Batting: LHB Adam Simpson
|
0-0: Called Strike 0-1: Ball 1-1: Ball 2-1: Fly out, F4 (Popup, 34D, EV 51.2 MPH)
|
Pinch Hitting: RHB Marcelo Bardelli
|
0-0: Ball 1-0: Fly out, F8 (Flyball, 89D, EV 91.2 MPH)
|
Bottom of the 8th over - 0 runs, 1 hit, 0 errors, 2 left on base; University of California 3 - Ohio State University 0 |
TOP OF THE 9TH |
University of California Golden Bears batting - Pitching for Ohio State University Buckeyes : RHP Rodolfo Lrio
|
Now in CF: Zach Brandt
|
|
Batting: RHB Nate Mahon
|
0-0: Ball 1-0: Foul Ball, location: 2F 1-1: Foul Ball, location: 2F 1-2: Ball 2-2: Foul Ball, location: 2F 2-2: Fly out, F9 (Flyball, 89S, EV 85.6 MPH)
|
Batting: SHB Nick Jansen
|
0-0: Swinging Strike 0-1: Foul Ball, location: 2F 0-2: Ball 1-2: Ball 2-2: SINGLE (Groundball, 4MD, EV 96.9 MPH)
|
Batting: RHB Jason Béllanger
|
0-0: Called Strike 0-1: Called Strike 0-2: Grounds into double play, 5-4-3 (Groundball, 56S, EV 84.4 MPH)
|
Top of the 9th over - 0 runs, 1 hit, 0 errors, 0 left on base; University of California 3 - Ohio State University 0 |
BOTTOM OF THE 9TH |
Ohio State University Buckeyes batting - Pitching for University of California Golden Bears : LHP Dave Coleman
|
Pitching: LHP Chee-hwa Thean
|
|
Now at 1B: Jonathan Sosa
|
|
Batting: RHB Mike Tarantino
|
0-0: Ball 1-0: Ball 2-0: Called Strike 2-1: Ball 3-1: Called Strike 3-2: Foul Ball, location: 2F 3-2: Ground out 6-3 (Groundball, 6, EV 80.6 MPH)
|
Batting: RHB Jacob Carrano
|
0-0: Ball 1-0: Foul Ball, location: 2F 1-1: Ball 2-1: Called Strike 2-2: Strikes out swinging
|
Batting: LHB Tony Abascal
|
0-0: Called Strike 0-1: Ball 1-1: Ball 2-1: Fly out, F8 (Flyball, 89XD, EV 105.6 MPH)
|
Bottom of the 9th over - 0 runs, 0 hits, 0 errors, 0 left on base; University of California 3 - Ohio State University 0 |
|